cohdb
Replays
Latest Replays
All Replays
Popular Replays
Top Player Replays
Match Explorer
How It Works
Community
CoH3 Stats
Reddit
Sign in to upload your games and track your stats! →
Sign in with Steam
Match 42594258
Unlisted
Match 42594258
Overview
Messages
Build Orders
End
Pioneer Squad
Construct Infanterie Kompanie
Grenadier Squad
Grenadier Squad
MG 42 Machine Gun Team
Construct Luftwaffe Kompanie
Flak 30 Anti-aircraft Gun Team
221 Scout Car
Selects Italian Coastal Battlegroup
Selects Designate Defensive Line
Selects Rapid Fortifications
Rapid Fortifications
Designate Defensive Line
Medical Bunker
Flak 30 Anti-aircraft Gun Team
Selects Coastal Reserves
Selects Artillery Officer
Artillery Officer
Rapid Fortifications
MG 42 Bunker
Flak 30 Anti-aircraft Gun Team
Support Elements
Selects Obice da 210/22 Artillery Emplacement
Rapid Fortifications
MG 42 Bunker
Marder III M Tank Destroyer
Marder III M Tank Destroyer
Rapid Fortifications
MG 42 Bunker
Marder III M Tank Destroyer
Selects Bulwark
Rapid Fortifications
Repair Bunker
HulkSMASH
⚓️Ruby⚓
豪师傅
MinisteriumfürStaatssicherheit
0
0
Comments
sign in to comment!
No comments posted yet!